 Dungeon Crawl Stone Soup version 0.27-a0-860-gaf99fae3ca (webtiles) character file.

Game seed: 17327911968084400408

17 jasper the Sneak (level 2, -3/24 HPs)
             Began as a Demonspawn Delver on Apr 1, 2021.
             Slain by an iguana (13 damage)
             ... on level 3 of the Dungeon.
             The game lasted 00:01:39 (406 turns).

jasper the Sneak (Demonspawn Delver)                 Turns: 406, Time: 00:01:39

Health: -3/24      AC:  3    Str: 12    XL:     2   Next: 44%
Magic:  2/2        EV: 11    Int: 11    God:
Gold:   24         SH:  0    Dex: 14    Spells: 1/1 levels left

rFire    . . .     SeeInvis .   a - +0 falchion
rCold    . . .     Faith    .   (no shield)
rNeg     . . .     Spirit   .   b - +0 leather armour
rPois    .         Reflect  .   (no helmet)
rElec    .         Harm     .   (no cloak)
rCorr    .         Rampage  .   (no gloves)
Will     .....                  (no boots)
Stlth    ++........             (no amulet)
HPRegen  0.08/turn              (no ring)
MPRegen  0.16/turn              (no ring)

@: no status effects
A: magic regeneration
a: no special abilities


You were on level 3 of the Dungeon.
You visited 1 branch of the dungeon, and saw 4 of its levels.

You collected 24 gold pieces.

Inventory:

Hand Weapons
 a - a +0 falchion (weapon)
Missiles
 e - 10 stones (quivered)
Armour
 b - a +0 leather armour (worn)
 f - a +2 pair of boots of flying
Wands
 g - a wand of digging (1)
Scrolls
 c - a scroll of fog
 d - a scroll of magic mapping


   Skills:
 - Level 3.0 Fighting
 + Level 2.8 Long Blades
 - Level 1.7 Dodging
 - Level 4.5 Stealth


You had one spell level left.
You didn't know any spells.
Your spell library was empty.

Dungeon Overview and Level Annotations

Branches:
Dungeon (6/15)
 Temple: D:4-7

Altars:


Innate Abilities, Weirdness & Mutations

You regenerate magic rapidly.


Message History

Found 10 stones.
A rat comes into view.
Found a stone staircase leading up.
You see here 10 stones.
e - 10 stones
Found a scroll labelled IREPYDDEPT.
f - a scroll labelled IREPYDDEPT You open the door.
An iguana and a hobgoblin come into view.
There is an open door here.
The iguana hisses angrily.
The hobgoblin hits you.
You take 4 damage, and have 20/24 hp.
You barely miss the hobgoblin. The hobgoblin misses you.
You riposte.
You hit the hobgoblin.
You kill the hobgoblin!
You see here a hobgoblin corpse.
A goblin comes into view. It is wielding a +0 club.
A goblin comes into view. It is wielding a +0 club.
Found 12 gold pieces.
The goblin shouts!
You see here 12 gold pieces.
You open the door.
Found a scroll labelled ACLURA QUAM and a curved smoking staff.
You now have 24 gold pieces (gained 12).
The goblin closely misses you. The goblin misses you.
You riposte.
You hit the goblin.
You kill the goblin!
There is an open door here.
The iguana hisses menacingly.
You aren't carrying any potions.
Unknown command.
This is a scroll of acquirement!
Something appears at your feet! The iguana bites you!
Ouch! That really hurt!
You take 13 damage, and have 10/24 hp.
MASSIVE DAMAGE!!
f - a +2 pair of boots of flying The iguana bites you!
Ouch! That really hurt!
You die...

.# ....#.# #.# .## ...##.## #.#
..## ##†..## # #>###.#
..g#####.....# #.####.)...##+#
#.........#..# #.#...######...
...##'##.....# #...#.# #....
..###.###...## ###...# #.....
#####...############...####......
+...........gl@................
####...#.###.#####.............
#..##.# #.# #...###.#.....
#.###.# #.# #.### #.# .... #.#
#.# #.# #.# #.# ... #.# #.# #.#
#.# #.# +# #.# #.# #.# #.. ..# #.
... ..# #.# ###


You could see an iguana and a goblin.

Vanquished Creatures
  A hound skeleton (D:5)
  2 goblins (D:3)
  A hobgoblin (D:3)
4 creatures vanquished.

Notes
Turn   | Place    | Note
-------+----------+-------------------------------------------
     0 | D:5      | jasper the Demonspawn Delver began the quest for the Orb.
     0 | D:5      | Reached XP level 1. HP: 18/18 MP: 1/1
     1 | D:6      | Noticed a howler monkey
    39 | D:5      | Noticed an iguana
    59 | D:5      | Gained mutation: You regenerate magic rapidly. [demonic
                  | ancestry]
    59 | D:5      | Reached XP level 2. HP: 8/24 MP: 2/2
   144 | D:5      | Noticed a phantom
   405 | D:3      | Identified a scroll of acquirement
   405 | D:3      | Acquired a +2 pair of boots of flying
   406 | D:3      | Slain by an iguana

Illustrated notes

Levels and vault maps discovered:
D:3:      minmay_octagon_keep, layout_loops_corners,
          nicolae_overflow_crystal_walls
D:4:      layout_loops_ring, fedhas_altar_4, uniq_grinder
D:5:      layout_basic
D:6:      layout_cave_pools, chequers_ossuary_entry_cave, serial_column_ruins,
          column_ruins_hut, column_ruins_hut_water, column_ruins_grid_3,
          column_ruins_columns_dead_end, column_ruins_columns_straight,
          column_ruins_open_small, column_ruins_columns_straight,
          column_ruins_open_tiny_water, uniq_maggie

Skill      XL: |  1 |
---------------+----+-----
Long Blades    | 2 |  2.8
Fighting       | |  3.0
Dodging        | |  1.7
Stealth        | |  4.5

Action                   || total
-------------------------++-------
Melee: Falchion          ||     7
Evoke: Wand              ||     2
  Use: Potion            ||     1
       Scroll            ||     2
 Stab: Sleeping          ||     1
Dodge: Dodged            ||    13
       Rpst.: Falchion   ||     5

Table legend: (Time is in decaauts)
 A = Elapsed time spent in this place.
 B = Non-inter-level travel time spent in this place.
 C = Inter-level travel time spent in this place.
 D = Time resting spent in this place.
 E = Time spent auto-exploring this place.
 F = Levels seen in this place.
 G = Mean time per level.
                   A        B        C        D        E       F      G
               +--------+--------+--------+--------+--------+-----+--------+
         Total |    386 |    386 |      0 |    106 |     42 |   4 |   96.5 |
       Dungeon |    386 |    386 |      0 |    106 |     42 |   4 |   96.5 |
               +--------+--------+--------+--------+--------+-----+--------+

Top non-repeatable levels by time:
     D:3: 194 daAuts
     D:5: 183 daAuts
     D:4: 7 daAuts
     D:6: 1 daAuts
